[Event "Titled Tuesday Blitz July 4 Early 2023"]
[White "Philippe, Guillaume"]
[Black "Kamalidenova, Meruert"]
[WhiteFideId "36048763"]
[BlackFideId "13712802"]
[WhiteElo "2437"]
[BlackElo "2651"]
[Result "0-1"]
[Round "7"]
[TimeControl "180+2"]
[Date "2023.07.04"]
[WhiteClock "0:00:03"]
[BlackClock "0:01:11"]
[Board "77"]

1. e4 c5 2. Nf3 d6 3. d4 cxd4 4. Nxd4 Nf6 5. Nc3 a6 6. h3 e5 7. Nb3 Be7 8. g4 Be6 9. g5 Nfd7 10. h4 Nc6 11. Be3 b5 12. Nd5 Rc8 13. Bh3 O-O 14. c3 a5 15. Qd2 a4 16. Nc1 Na5 17. Bf1 Nc4 18. Bxc4 Rxc4 19. Qd3 Bxd5 20. exd5 f5 21. gxf6 Nxf6 22. b3 axb3 23. axb3 Rg4 24. Qxb5 Ne4 25. Ne2 Bxh4 26. Rh2 Nxc3 27. Nxc3 Rg1+ 28. Ke2 Rxa1 29. Qd3 g6 30. Qe4 Bg5 31. Qg4 Bxe3 32. fxe3 Qf6 33. Qh3 h5 34. Qe6+ Qxe6 35. dxe6 Re8 36. Rg2 Rxe6 37. Kd3 Kg7 38. Ke4 Rc1 39. Nd5 Re8 40. Rg3 Rb8 41. b4 Rb5 42. Ne7 Rxb4+ 43. Kd5 Rg4 44. Rf3 Rd1+ 45. Ke6 Ra4 46. Rf7+ Kh6 47. Rf6 Rg1 48. Kxd6 Ra6+ 49. Nc6 h4 50. Kxe5 h3 51. Rf3 Rxc6 52. Rxh3+ Kg7 53. e4 Re1 54. Kd5 Rc8 55. Rb3 Rd8+ 56. Ke5 Re8+ 57. Kf4 R1xe4+ 58. Kf3 Kf6 59. Rb6+ R8e6 60. Rb5 R4e5 61. Rb8 g5 62. Kg4 Re4+ 63. Kh5 Rh4# 0-1


[Site "https://www.chess.com"]

[Event "Titled Tuesday Blitz July 4 Early 2023"]
[White "FromTexas54"]
[Black "chess123456s"]
[WhiteElo "2422"]
[BlackElo "2631"]
[Result "0-1"]
[Round "7"]
[TimeControl "180+2"]
[Date "2023.07.04"]
[WhiteClock "0:00:01"]
[BlackClock "0:00:23"]
[Board "78"]

1. d4 Nf6 2. c4 c5 3. d5 b5 4. Qc2 b4 5. e4 d6 6. f4 g6 7. Nf3 Bg7 8. Bd3 O-O 9. O-O Nfd7 10. Be3 e5 11. dxe6 fxe6 12. Nbd2 Nc6 13. Kh1 Bb7 14. Rae1 e5 15. Ng5 Qe7 16. f5 Nd4 17. Qd1 h6 18. fxg6 hxg5 19. Qh5 Bf6 20. Nf3 Nxf3 21. Rxf3 Qg7 22. Ref1 Rae8 23. Bxg5 Bxg5 24. Rf7 Qh6 25. Qg4 Bc8 26. Rxf8+ Nxf8 27. Qf3 Qxg6 28. Be2 Nh7 29. Qd3 Rf8 30. Qd5+ Qe6 31. Bf3 Qxd5 32. exd5 Nf6 0-1


[Site "https://www.chess.com"]

[Event "Titled Tuesday Blitz July 4 Early 2023"]
[White "Ozdemir, Serhan Berat"]
[Black "MAHanif"]
[WhiteFideId "6374611"]
[WhiteElo "2623"]
[BlackElo "2373"]
[Result "1-0"]
[Round "7"]
[TimeControl "180+2"]
[Date "2023.07.04"]
[WhiteClock "0:00:02"]
[BlackClock "0:00:12"]
[Board "79"]

1. e4 c5 2. Nf3 Nc6 3. Bb5 g6 4. Bxc6 bxc6 5. d4 cxd4 6. Qxd4 Nf6 7. e5 Nd5 8. O-O Bg7 9. c4 Nc7 10. Nc3 Ne6 11. Qh4 Rb8 12. Re1 Ba6 13. b3 Qa5 14. Bd2 Qa3 15. Ne4 h6 16. Bc1 Qb4 17. Bd2 Qa3 18. Bc3 O-O 19. Bd2 g5 20. Qg4 d5 21. exd6 exd6 22. h4 f5 23. Qh3 g4 24. Qg3 h5 25. Nfg5 Be5 26. f4 gxf3 27. Qxf3 fxe4 28. Qxh5 Nxg5 29. Bxg5 Bd4+ 30. Kh1 Bg7 31. Rad1 Qb2 32. Rxe4 Qc2 33. Rde1 Bc8 34. Re7 Bf5 35. Rxg7+ Kxg7 36. Re7+ Kg8 37. Qh6 Qd1+ 38. Kh2 Qg4 39. Qg7# 1-0


[Site "https://www.chess.com"]

[Event "Titled Tuesday Blitz July 4 Early 2023"]
[White "Karttunen, Mika"]
[Black "Rian, Kapriaga"]
[WhiteFideId "502081"]
[BlackFideId "7103263"]
[WhiteElo "2608"]
[BlackElo "2370"]
[Result "1-0"]
[Round "7"]
[TimeControl "180+2"]
[Date "2023.07.04"]
[WhiteClock "0:00:11"]
[BlackClock "0:00:00"]
[Board "80"]

1. e4 c6 2. d4 d5 3. exd5 cxd5 4. Bd3 Nc6 5. c3 Qc7 6. h3 g6 7. Nf3 Bf5 8. Be2 Nf6 9. O-O Bg7 10. Be3 O-O 11. Nbd2 Rfe8 12. a4 Rad8 13. Bb5 a6 14. Bxc6 bxc6 15. a5 Nd7 16. b4 e5 17. Nb3 e4 18. Nh2 h5 19. Qd2 Nf8 20. Bf4 Qc8 21. Kh1 Ne6 22. Be3 Nc7 23. Rg1 Bf8 24. g4 hxg4 25. hxg4 Be6 26. Nc5 Bd6 27. Bf4 Nb5 28. Bxd6 Nxd6 29. Rg3 Kg7 30. Qf4 Nc4 31. g5 Bf5 32. Ng4 Bxg4 33. Rxg4 Rh8+ 34. Kg2 Rh5 35. Rg1 Rdh8 36. Kf1 Qf5 37. Qxf5 gxf5 38. Rf4 Kg6 39. Nxa6 Rh2 40. Nc5 R8h3 41. Nd7 1-0


[Site "https://www.chess.com"]

[Event "Titled Tuesday Blitz July 4 Early 2023"]
[White "Andreassen, Lars"]
[Black "Piesik, Piotr"]
[WhiteFideId "1504878"]
[BlackFideId "1136194"]
[WhiteElo "2265"]
[BlackElo "2605"]
[Result "1-0"]
[Round "7"]
[TimeControl "180+2"]
[Date "2023.07.04"]
[WhiteClock "0:00:40"]
[BlackClock "0:01:00"]
[Board "81"]

1. d4 c5 2. d5 e5 3. e4 d6 4. h4 Be7 5. g3 f5 6. exf5 Bxf5 7. g4 Bg6 8. h5 Bf7 9. c4 Bg5 10. Nc3 Bxc1 11. Rxc1 Nf6 12. g5 Nxh5 13. Rxh5 Bxh5 14. Qxh5+ g6 15. Qh6 Qe7 16. Ne4 Nd7 17. Bh3 Rf8 18. Bxd7+ Kxd7 19. Nf6+ Kc7 20. Ne2 Rf7 21. Nc3 a6 22. Nce4 b5 23. b4 Kb6 24. a3 Rc8 25. bxc5+ dxc5 26. Qh3 Kb7 27. cxb5 axb5 28. d6 Qd8 29. Nxc5+ Ka7 30. Qe3 Qb6 31. d7 Rd8 32. a4 bxa4 33. Ra1 Qb4+ 34. Kf1 Qc4+ 35. Kg1 Kb6 36. Rxa4 Qxc5 37. Ra6+ Kb5 38. Ra5+ 1-0


[Site "https://www.chess.com"]

[Event "Titled Tuesday Blitz July 4 Early 2023"]
[White "Asavasaetakul, Chawit"]
[Black "Kovacevic, Radmila"]
[WhiteFideId "6204856"]
[BlackFideId "933171"]
[WhiteElo "2583"]
[BlackElo "2238"]
[Result "0-1"]
[Round "7"]
[TimeControl "180+2"]
[Date "2023.07.04"]
[WhiteClock "0:00:00"]
[BlackClock "0:00:06"]
[Board "82"]

1. e4 e5 2. Nf3 d5 3. exd5 e4 4. Qe2 Nf6 5. d3 Qxd5 6. Nbd2 Bb4 7. c3 Be7 8. Nxe4 O-O 9. g3 Nc6 10. Bg2 Bg4 11. h3 Bh5 12. g4 Bg6 13. Nh4 Bxe4 14. dxe4 Qe5 15. Nf5 Bc5 16. Be3 Nxe4 17. Bd4 Bxd4 18. cxd4 Qa5+ 19. Kf1 Nd6 20. Bxc6 bxc6 21. Ne3 Rfe8 22. Qf3 Qd2 23. Kg2 Qxd4 24. Qxc6 Qxb2 25. Rhb1 Qe2 26. Re1 Qb5 27. Qxc7 Rad8 28. Rad1 Qb7+ 29. Qxb7 Nxb7 30. Rc1 g6 31. Rc7 Rb8 32. Rb1 Nd6 33. Rxb8 Rxb8 34. Rxa7 Rb2 35. Kf3 Nb5 36. Ra8+ Kg7 37. a4 Nd4+ 38. Ke4 Ne6 39. f3 Rb4+ 40. Kd3 Nc5+ 41. Ke2 Rxa4 42. Rc8 Ra2+ 43. Kf1 Nd3 44. Kg1 Rf2 45. Rc3 Rd2 46. Nc4 Rd1+ 47. Kg2 Nf4+ 48. Kg3 Ne2+ 0-1


[Site "https://www.chess.com"]

[Event "Titled Tuesday Blitz July 4 Early 2023"]
[White "Guliev, Logman"]
[Black "Bharath Subramaniyam H"]
[WhiteFideId "13400061"]
[BlackFideId "46634827"]
[WhiteElo "2504"]
[BlackElo "2809"]
[Result "0-1"]
[Round "7"]
[TimeControl "180+2"]
[Date "2023.07.04"]
[WhiteClock "0:00:00"]
[BlackClock "0:00:38"]
[Board "83"]

1. e4 c5 2. Nf3 d6 3. d4 cxd4 4. Nxd4 Nf6 5. Nc3 a6 6. f4 e5 7. Nf3 Nc6 8. Bd3 Be7 9. O-O O-O 10. Kh1 b5 11. a3 Bb7 12. Nh4 g6 13. f5 Nd4 14. Bh6 Re8 15. fxg6 hxg6 16. Bg5 Nh5 17. Bxe7 Qxe7 18. Nf3 Ne6 19. Qe1 Nef4 20. Rd1 Rac8 21. g3 Nxd3 22. Rxd3 f5 23. Nd2 Nf6 24. Kg1 d5 25. exf5 Qc5+ 26. Qf2 Qxf2+ 27. Rxf2 e4 28. Re3 d4 29. Rxe4 Nxe4 0-1


[Site "https://www.chess.com"]

[Event "Titled Tuesday Blitz July 4 Early 2023"]
[White "Yedidia, Daniel"]
[Black "Hambleton, Aman"]
[WhiteFideId "30905907"]
[BlackFideId "2606577"]
[WhiteElo "2498"]
[BlackElo "2765"]
[Result "0-1"]
[Round "7"]
[TimeControl "180+2"]
[Date "2023.07.04"]
[WhiteClock "0:00:00"]
[BlackClock "0:00:02"]
[Board "84"]

1. d4 e5 2. Nf3 e4 3. Nfd2 d5 4. e3 f5 5. c4 c6 6. Nc3 Nf6 7. Be2 a6 8. c5 Be6 9. b4 Nbd7 10. Bb2 Be7 11. h3 O-O 12. Qb3 Bf7 13. g4 fxg4 14. hxg4 h6 15. O-O-O Nh7 16. Rdf1 Ng5 17. Qc2 Bg6 18. Bd1 Qe8 19. Qb3 Kh7 20. Bc2 Nf6 21. Rfg1 Qd7 22. Bd1 Rae8 23. Rg2 Bd8 24. Ne2 Kh8 25. Nf4 Bh7 26. a4 Bc7 27. Nh3 Kg8 28. Nxg5 hxg5 29. Rgh2 Bg6 30. Rg2 Re7 31. Nf1 Ref7 32. Ng3 Bxg3 33. Rxg3 Nh7 34. f4 exf3 35. Bc2 Bxc2 36. Qxc2 g6 37. Qxg6+ Rg7 38. Qd3 Qe6 39. Rf1 Qe4 40. Kd2 Rgf7 41. Rf2 Nf6 42. Rgxf3 Qxd3+ 43. Kxd3 Nxg4 44. Rxf7 Nxf2+ 0-1


[Site "https://www.chess.com"]

[Event "Titled Tuesday Blitz July 4 Early 2023"]
[White "Ashraf, Artin"]
[Black "Gheorghiu, Calin"]
[WhiteFideId "22514805"]
[BlackFideId "1200305"]
[WhiteElo "2734"]
[BlackElo "2493"]
[Result "1-0"]
[Round "7"]
[TimeControl "180+2"]
[Date "2023.07.04"]
[WhiteClock "0:00:13"]
[BlackClock "0:00:05"]
[Board "85"]

1. e4 c5 2. Nf3 d6 3. d4 cxd4 4. Nxd4 Nf6 5. Nc3 a6 6. Be2 e5 7. Nb3 Be7 8. Be3 Be6 9. O-O O-O 10. Qd3 b5 11. a4 Bc4 12. Qd1 Bxe2 13. Qxe2 b4 14. Nd5 Nxd5 15. exd5 f5 16. a5 Nd7 17. f3 Qc7 18. Rfc1 Qb7 19. Qd3 Rac8 20. Ra4 Nf6 21. Rd1 e4 22. Qd2 Rc4 23. f4 Rfc8 24. Nd4 Nxd5 25. Nxf5 Nxe3 26. Nxe3 R4c5 27. Rxb4 Qa7 28. Rb6 d5 29. b4 Rb5 30. Nxd5 Bxb4 31. Nxb4 Rxb6 32. axb6 Qxb6+ 33. Qd4 Qxd4+ 34. Rxd4 a5 35. Nd5 Rxc2 36. Rxe4 Rd2 37. Ne7+ Kf7 38. Nc6 Ra2 39. g4 a4 40. Nd8+ Kf8 41. Ne6+ Kf7 42. Ng5+ Kg6 43. Re6# 1-0


[Site "https://www.chess.com"]

[Event "Titled Tuesday Blitz July 4 Early 2023"]
[White "Pham, Le Thao Nguyen"]
[Black "Rakhimzhan_Alen"]
[WhiteFideId "12401226"]
[WhiteElo "2492"]
[BlackElo "2697"]
[Result "1-0"]
[Round "7"]
[TimeControl "180+2"]
[Date "2023.07.04"]
[WhiteClock "0:00:04"]
[BlackClock "0:00:00"]
[Board "86"]

1. d4 Nf6 2. Nf3 d5 3. c4 e6 4. Nc3 a6 5. c5 b6 6. cxb6 cxb6 7. Bf4 Bd6 8. Bg3 Bxg3 9. hxg3 Nbd7 10. e3 Bb7 11. Bd3 Ne4 12. Rc1 Rc8 13. Bxe4 dxe4 14. Nd2 Nf6 15. O-O h5 16. Qe2 O-O 17. a3 b5 18. Nb3 Bd5 19. Nxd5 Qxd5 20. Nc5 Rc6 21. Rc2 e5 22. dxe5 Qxe5 23. b4 Rd6 24. Rd1 Rfd8 25. Rdc1 Qd5 26. Qe1 Ng4 27. Qe2 f5 28. Qe1 g6 29. Qc3 Qd1+ 30. Qe1 Qxe1+ 31. Rxe1 Rd1 32. Rc1 R1d2 33. Rf1 Ra2 34. Nxa6 Rdd2 35. Nc7 Nxe3 36. Rfe1 Ng4 37. Ra1 Rab2 38. Rab1 Ra2 39. Ra1 Rxf2 40. Rxa2 Rxa2 41. Nxb5 e3 42. Rb1 g5 43. Nd4 Rxa3 44. b5 Ra7 45. b6 Rb7 46. Nxf5 h4 47. Nd6 Rb8 48. gxh4 gxh4 49. b7 Kg7 50. Rc1 e2 51. Re1 1-0


[Site "https://www.chess.com"]

[Event "Titled Tuesday Blitz July 4 Early 2023"]
[White "Reprintsev, Alexander"]
[Black "Zhu, Jiner"]
[WhiteFideId "14100541"]
[BlackFideId "8608059"]
[WhiteElo "2482"]
[BlackElo "2655"]
[Result "0-1"]
[Round "7"]
[TimeControl "180+2"]
[Date "2023.07.04"]
[WhiteClock "0:00:34"]
[BlackClock "0:01:01"]
[Board "87"]

1. e4 g6 2. d4 Bg7 3. Nc3 d6 4. h4 Nf6 5. h5 Nxh5 6. g4 Nf6 7. g5 Ng8 8. Be3 h5 9. Qd2 e5 10. f4 Nc6 11. fxe5 dxe5 12. d5 Nd4 13. O-O-O Ne7 14. Nce2 c5 15. dxc6 Nexc6 16. c3 Nxe2+ 17. Qxe2 Qe7 18. Qb5 O-O 19. Bc4 a6 20. Qb6 Bg4 21. Bc5 Qxg5+ 22. Be3 Qf6 23. Rd2 Rad8 24. Ne2 Rxd2 25. Bxd2 Bxe2 26. Bxe2 Nd4 27. Qxf6 Nxe2+ 28. Kd1 Nxc3+ 29. bxc3 Bxf6 30. Ke2 Kg7 31. Rb1 b5 32. a4 bxa4 33. Rb6 Ra8 34. Bc1 h4 35. Kf3 Rc8 36. Bd2 Rd8 37. Be1 Ra8 38. Kg4 a3 39. Rb3 Be7 40. c4 Rc8 41. Rb6 Rxc4 42. Rxa6 Rxe4+ 0-1


[Site "https://www.chess.com"]

[Event "Titled Tuesday Blitz July 4 Early 2023"]
[White "Rizzo, Tobias"]
[Black "Matamoros Franco, Carlos S."]
[WhiteFideId "30942691"]
[BlackFideId "3600017"]
[WhiteElo "2487"]
[BlackElo "2641"]
[Result "0-1"]
[Round "7"]
[TimeControl "180+2"]
[Date "2023.07.04"]
[WhiteClock "0:00:12"]
[BlackClock "0:00:29"]
[Board "88"]

1. d4 Nf6 2. Bg5 c5 3. d5 h6 4. Bxf6 exf6 5. Nc3 d6 6. e4 a6 7. a4 f5 8. Nf3 fxe4 9. Nxe4 Be7 10. Bd3 O-O 11. O-O Nd7 12. c3 Re8 13. Re1 Bf8 14. Ng3 Rxe1+ 15. Qxe1 b6 16. Nh5 g6 17. Qe4 Qe7 18. Qxe7 Bxe7 19. Ng3 Nf6 20. c4 Bd7 21. b3 Rb8 22. Nd2 Ng4 23. Nge4 f5 24. Ng3 Bf6 25. Re1 Kf7 26. h3 Ne5 27. Bf1 g5 28. Ra1 Re8 29. Re1 Rb8 30. Nh5 Bh8 31. f4 Ng6 32. g3 Bc3 33. Re2 gxf4 34. Nxf4 Nxf4 35. gxf4 Rg8+ 36. Bg2 b5 37. axb5 axb5 38. Nf3 Ra8 39. Rc2 b4 40. Kf2 Ra3 41. Ke2 Rxb3 42. Nd2 Bxd2 43. Kxd2 Rg3 44. Kc1 Ba4 45. Ra2 Bb3 46. Ra7+ Kf6 47. Bf1 Bxc4 48. Bxc4 Rc3+ 49. Kd2 Rxc4 50. Rd7 Rd4+ 51. Ke3 Rxd5 52. Rb7 Rd4 53. Rb6 Ke6 54. h4 Kd5 55. h5 Kc4 56. Ra6 Kc3 57. Rb6 b3 58. Rb8 b2 59. Kf3 Rb4 60. Rd8 b1=Q 61. Re8 Qd3+ 62. Re3 Rd4 63. Kf2 Qxe3+ 64. Kxe3 Re4+ 65. Kf3 Kd3 66. Kg3 c4 67. Kh4 c3 68. Kg3 c2 69. Kh4 c1=Q 70. Kh3 Qe3+ 71. Kg2 Qe2+ 72. Kh3 Qg4+ 73. Kh2 Re2+ 74. Kh1 Qg2# 0-1


[Site "https://www.chess.com"]

[Event "Titled Tuesday Blitz July 4 Early 2023"]
[White "UNSTOPPABLE_LEGEND"]
[Black "Tan, Jun Ying"]
[BlackFideId "5710413"]
[WhiteElo "2478"]
[BlackElo "2634"]
[Result "0-1"]
[Round "7"]
[TimeControl "180+2"]
[Date "2023.07.04"]
[WhiteClock "0:01:03"]
[BlackClock "0:00:58"]
[Board "89"]

1. g3 g6 2. Bg2 Bg7 3. Nf3 b6 4. O-O Bb7 5. d4 Nf6 6. c4 O-O 7. Nc3 e6 8. Qc2 d6 9. e4 Nbd7 10. h3 e5 11. d5 Nh5 12. Bd2 a5 13. Rae1 Nc5 14. a3 a4 15. Be3 Bc8 16. Bxc5 bxc5 17. Nxa4 f5 18. Nd2 f4 19. g4 f3 20. Nxf3 Nf4 21. Nc3 Nxh3+ 22. Bxh3 Rxf3 23. Kg2 Qh4 24. Kxf3 Qxh3+ 25. Ke2 Bxg4+ 26. f3 Qg2+ 27. Kd3 Qh3 28. Qf2 Rf8 29. Re3 Bh6 30. fxg4 Rxf2 31. Rxh3 Rd2# 0-1


[Site "https://www.chess.com"]

[Event "Titled Tuesday Blitz July 4 Early 2023"]
[White "Soham Kamotra"]
[Black "Balla, Tamas-Kristof"]
[WhiteFideId "46647490"]
[BlackFideId "1208497"]
[WhiteElo "2630"]
[BlackElo "2472"]
[Result "1-0"]
[Round "7"]
[TimeControl "180+2"]
[Date "2023.07.04"]
[WhiteClock "0:00:02"]
[BlackClock "0:00:01"]
[Board "90"]

1. d4 d5 2. Nc3 Nf6 3. Bf4 a6 4. e3 e6 5. g4 c5 6. g5 Nfd7 7. Qf3 Nc6 8. Nge2 b5 9. Qg3 Bb7 10. Bg2 Be7 11. h4 c4 12. h5 b4 13. Nxd5 exd5 14. Bxd5 Qa5 15. Qg2 Rc8 16. Rg1 b3+ 17. c3 bxa2 18. g6 hxg6 19. Bxf7+ Kd8 20. Qxg6 Qb5 21. Rxa2 Qb3 22. Qxg7 Rf8 23. Ra1 Qxb2 24. Rd1 Bf6 25. Qg6 Ne7 26. Qh7 Bf3 27. Rd2 Qa1+ 28. Rd1 Qb2 29. Rd2 Qa3 30. Be6 Rb8 31. Bxb8 Nxb8 32. Qb1 Nbc6 33. Qb6+ Ke8 34. Rg3 Bh4 35. Qc7 Rh8 36. Qd7+ Kf8 37. Rxf3+ Kg7 38. Nf4 Qa1+ 39. Ke2 Qb1 40. Nd5 Rf8 41. Rxf8 Kxf8 42. Nxe7 Nxe7 43. Qd8+ Kg7 44. Qe8 Qg1 45. Qf7+ Kh6 46. Rd1 Qg4+ 47. Bxg4 1-0


[Site "https://www.chess.com"]

[Event "Titled Tuesday Blitz July 4 Early 2023"]
[White "Nunez V, Gustavo Eduardo"]
[Black "Martinez Ramirez, Lennis"]
[WhiteFideId "4403690"]
[BlackFideId "3509079"]
[WhiteElo "2471"]
[BlackElo "2627"]
[Result "0-1"]
[Round "7"]
[TimeControl "180+2"]
[Date "2023.07.04"]
[WhiteClock "0:00:56"]
[BlackClock "0:01:59"]
[Board "91"]

1. e4 c6 2. d3 g6 3. Nd2 Bg7 4. g3 a5 5. Bg2 a4 6. a3 d5 7. Ne2 Nf6 8. O-O O-O 9. h3 dxe4 10. Nxe4 Nxe4 11. dxe4 Qb6 12. c3 Rd8 13. Qc2 Be6 14. Be3 Qb3 15. Qxb3 Bxb3 16. Bd4 e5 17. Bb6 Rd2 18. Nc1 Bc4 19. Re1 Rxb2 20. Be3 Nd7 21. Bf1 Bxf1 22. Kxf1 Nf8 23. Nd3 Rb3 24. Rec1 b6 25. Nb4 Rc8 26. Bxb6 Bh6 27. Rc2 Ne6 28. Ke2 f5 29. Be3 f4 30. Bc1 Kf7 31. Nd3 Kf6 32. Bb2 c5 33. c4 f3+ 34. Kxf3 Rxd3+ 35. Ke2 Rb3 36. Rd1 Nd4+ 37. Bxd4 cxd4 38. c5 Bf8 39. c6 Bxa3 40. Rd3 Bd6 41. Rc4 Rb2+ 42. Kf3 a3 43. Kg4 a2 44. Ra4 Rxf2 45. Rf3+ Rxf3 46. Kxf3 Rxc6 47. Rxa2 Rc3+ 48. Kg4 h5+ 49. Kh4 Be7 50. g4 g5+ 51. Kxh5 Rxh3# 0-1


[Site "https://www.chess.com"]

[Event "Titled Tuesday Blitz July 4 Early 2023"]
[White "Jimenez Jimenez, Leandro"]
[Black "Niekras, Dawid"]
[WhiteFideId "6415253"]
[BlackFideId "1160451"]
[WhiteElo "2462"]
[BlackElo "2618"]
[Result "0-1"]
[Round "7"]
[TimeControl "180+2"]
[Date "2023.07.04"]
[WhiteClock "0:00:00"]
[BlackClock "0:00:07"]
[Board "92"]

1. d4 g6 2. c4 d6 3. e4 Bg7 4. Nc3 a6 5. Be3 e6 6. Nge2 Nd7 7. Ng3 b6 8. Bd3 Bb7 9. O-O Ne7 10. f4 f5 11. d5 Nc5 12. dxe6 O-O 13. exf5 Nxd3 14. Qxd3 Nxf5 15. Nxf5 gxf5 16. Bd4 Bxd4+ 17. Qxd4 Qf6 18. Qxf6 Rxf6 19. Nd5 Rxe6 20. Nxc7 Re2 21. Rf2 Rxf2 22. Kxf2 Rc8 23. Nd5 Rxc4 24. Ne3 Rxf4+ 25. Ke2 Re4 26. g3 Kf7 27. Rc1 Re7 28. Kd2 Be4 29. Rc8 Ke6 30. Rb8 b5 31. Rb6 Ra7 32. Nd1 Bb7 33. Ne3 Be4 34. Nd1 h5 35. Nc3 Bb7 36. Ke3 Kd7 37. a4 Kc7 38. a5 Ra8 39. Kf4 h4 40. gxh4 Rh8 41. Kg5 f4 42. Kxf4 Rxh4+ 43. Kg3 Rb4 44. h4 Rxb2 45. Kf4 Rc2 46. Nd1 Rc4+ 47. Kg5 Bf3 48. Nf2 Rc5+ 49. Kg6 Bh5+ 50. Kh6 Be2 51. Ne4 Rh5+ 52. Kg6 Rxh4 53. Nxd6 Bd3+ 54. Kg5 Ra4 55. Ne8+ Kc8 56. Nd6+ Kd7 57. Nb7 Ra3 58. Nc5+ Kc7 59. Nxa6+ Kc8 60. Nc5 Bc4 61. a6 Kc7 62. Rb7+ Kc6 63. Ne4 Rxa6 64. Rb8 Ra1 65. Nc3 Kc5 66. Nxb5 Bxb5 67. Kf4 Bc4 68. Ke5 Re1+ 69. Kf4 Kd4 70. Rb2 Rf1+ 71. Kg3 Ke3 72. Kg2 Rf6 73. Rc2 Be2 74. Rc8 Rg6+ 75. Kh3 Bd3 76. Re8+ Kf4 77. Rf8+ Bf5+ 78. Kh2 Rg5 0-1


[Site "https://www.chess.com"]

[Event "Titled Tuesday Blitz July 4 Early 2023"]
[White "Burmakin, Vladimir"]
[Black "Dobre, Claudiu-Cristian"]
[WhiteFideId "4105109"]
[BlackFideId "1211854"]
[WhiteElo "2612"]
[BlackElo "2458"]
[Result "1-0"]
[Round "7"]
[TimeControl "180+2"]
[Date "2023.07.04"]
[WhiteClock "0:00:08"]
[BlackClock "0:00:00"]
[Board "93"]

1. d4 d5 2. Nf3 Nf6 3. g3 Bg4 4. Bg2 e6 5. c4 c6 6. Qb3 Qb6 7. c5 Qxb3 8. axb3 Nbd7 9. b4 a6 10. Nc3 Rc8 11. Nd2 Be7 12. Nb3 Bd8 13. Na5 Bxa5 14. bxa5 Ke7 15. Bf4 Ne8 16. f3 Bh5 17. e4 f6 18. exd5 cxd5 19. b4 g5 20. Be3 Nb8 21. Kf2 Nc6 22. Rhb1 Nc7 23. Bf1 Bg6 24. Rb2 e5 25. Rd1 Rhd8 26. b5 axb5 27. Bxb5 Ne6 28. Bxc6 bxc6 29. Rb7+ Rd7 30. a6 Rxb7 31. axb7 Rb8 32. dxe5 fxe5 33. Nxd5+ cxd5 34. c6 d4 35. Bxg5+ Kd6 36. Bf6 Nc5 37. Bxe5+ Kxe5 38. c7 Rxb7 39. c8=Q Rb2+ 40. Kg1 Nd3 41. Qc7+ Kd5 42. Qd7+ Kc5 43. Qe7+ Kc4 44. Qc7+ Kb3 45. Qb6+ Kc3 46. Qa5+ 1-0


[Site "https://www.chess.com"]

[Event "Titled Tuesday Blitz July 4 Early 2023"]
[White "Girya, Olga"]
[Black "Sanhueza, Cristian"]
[WhiteFideId "4195752"]
[BlackFideId "116815"]
[WhiteElo "2611"]
[BlackElo "2454"]
[Result "0-1"]
[Round "7"]
[TimeControl "180+2"]
[Date "2023.07.04"]
[WhiteClock "0:00:00"]
[BlackClock "0:00:03"]
[Board "94"]

1. d4 Nf6 2. Nf3 g6 3. Bg5 Bg7 4. Nbd2 O-O 5. c3 d6 6. e4 c5 7. dxc5 dxc5 8. Bc4 Nc6 9. O-O h6 10. Bh4 Nh5 11. Qc2 Qc7 12. Rfe1 b6 13. Bf1 Bb7 14. Nc4 Rad8 15. a4 g5 16. Bg3 Nxg3 17. hxg3 e6 18. a5 b5 19. a6 Bc8 20. Na3 b4 21. Nc4 Rd7 22. Nh2 Rfd8 23. Ng4 h5 24. Nge3 Ne5 25. Nxe5 Qxe5 26. Nc4 Qf6 27. e5 Qf5 28. Qxf5 exf5 29. Ra5 bxc3 30. bxc3 Rd1 31. Rxd1 Rxd1 32. Ne3 Rc1 33. Rxc5 Bxa6 34. c4 f4 35. gxf4 gxf4 36. Nf5 Bxe5 37. Rxe5 Bxc4 38. Rc5 Rxf1+ 39. Kh2 Be6 40. Ne7+ Kf8 41. Nc6 Rxf2 42. Kg1 Ra2 43. Rxh5 Ke8 44. Nb4 Rb2 45. Nd3 Rb1+ 46. Kf2 Ra1 47. Nxf4 Bc4 48. Rh8+ Kd7 49. Rf8 Ke7 50. Rc8 Be6 51. Nd3 Ra2+ 52. Ke3 a5 53. Rc7+ Kd6 54. Ra7 a4 55. Ra6+ Ke7 56. Nf4 a3 57. Nxe6 fxe6 58. g4 Ra1 59. Kf3 Kf7 60. Kg2 Kf6 61. g5+ Ke7 62. Ra7+ Kf8 63. g6 Kg8 64. Kh2 e5 65. Kg2 e4 66. g7 a2 67. Kf2 Rh1 0-1


[Site "https://www.chess.com"]

[Event "Titled Tuesday Blitz July 4 Early 2023"]
[White "Sadykov, Ramil"]
[Black "Marn, Jan"]
[WhiteFideId "24113590"]
[BlackFideId "14619245"]
[WhiteElo "2605"]
[BlackElo "2449"]
[Result "1-0"]
[Round "7"]
[TimeControl "180+2"]
[Date "2023.07.04"]
[WhiteClock "0:00:04"]
[BlackClock "0:00:00"]
[Board "95"]

1. Nf3 Nf6 2. g3 g6 3. Bg2 Bg7 4. O-O O-O 5. c4 d6 6. Nc3 e5 7. d3 Nc6 8. Rb1 a5 9. a3 Nd4 10. Nxd4 exd4 11. Nb5 Nd7 12. e3 dxe3 13. Bxe3 Ne5 14. Qc2 c6 15. Nc3 Bg4 16. f4 Nd7 17. b4 axb4 18. axb4 Bf5 19. Ra1 Rxa1 20. Rxa1 Re8 21. Bf2 Qf6 22. Ra3 h5 23. Ne4 Qe7 24. c5 dxc5 25. bxc5 Bxe4 26. dxe4 b6 27. Ra7 bxc5 28. e5 Qe6 29. Bf1 Re7 30. Bc4 Qh3 31. Qd1 Kh7 32. Bf1 Qf5 33. Qd6 Bf8 34. Bd3 Qg4 35. Kg2 h4 36. h3 1-0


[Site "https://www.chess.com"]

[Event "Titled Tuesday Blitz July 4 Early 2023"]
[White "Itkis, Boris"]
[Black "Jaskolka, Tomasz"]
[WhiteFideId "1209167"]
[BlackFideId "1170791"]
[WhiteElo "2447"]
[BlackElo "2604"]
[Result "1-0"]
[Round "7"]
[TimeControl "180+2"]
[Date "2023.07.04"]
[WhiteClock "0:00:50"]
[BlackClock "0:00:11"]
[Board "96"]

1. c4 c6 2. Nf3 d5 3. g3 Nf6 4. Bg2 Bg4 5. Ne5 Bf5 6. cxd5 cxd5 7. Qb3 Qc7 8. Nc3 e6 9. O-O Qxe5 10. Qxb7 Bc5 11. Qxa8 Qc7 12. d4 O-O 13. Bf4 Qd7 14. Bxb8 Bd6 15. Qxa7 Rxb8 16. Qxd7 Nxd7 17. b3 Ba3 18. e4 dxe4 19. Nxe4 Nb6 20. Rad1 Rd8 21. h3 h6 22. g4 Bg6 23. f4 Nd5 24. f5 exf5 25. gxf5 Bh5 26. Rde1 Bb4 27. Ng3 Bxe1 28. Rxe1 Nf4 29. Re4 Nxg2 30. Nxh5 g6 31. fxg6 f5 32. Re7 Rd6 33. Kxg2 Rxg6+ 34. Kf3 Rd6 35. Ke3 f4+ 36. Nxf4 h5 37. Re6 Rd7 38. a4 Rb7 39. a5 Rxb3+ 40. Ke4 Kf7 41. a6 Ra3 42. Rb6 h4 43. Rb7+ Kf6 44. a7 Ra5 45. Nd5+ Ke6 46. Nc7+ Kd6 47. a8=Q Rxa8 48. Nxa8 Kc6 49. Rc7+ Kd6 50. Rc4 Ke6 51. d5+ Kd6 52. Rc6+ Kd7 53. Nb6+ Ke7 54. d6+ Ke6 55. d7+ Ke7 56. Rc8 Ke6 57. d8=Q Kf7 58. Qd7+ Kf6 59. Rc6+ Kg5 60. Qg4# 1-0


[Site "https://www.chess.com"]

[Event "Titled Tuesday Blitz July 4 Early 2023"]
[White "Kashlinskaya, Alina"]
[Black "Zacurdajev, Dmitry"]
[WhiteFideId "4198026"]
[BlackFideId "4196309"]
[WhiteElo "2593"]
[BlackElo "2444"]
[Result "0-1"]
[Round "7"]
[TimeControl "180+2"]
[Date "2023.07.04"]
[WhiteClock "0:00:22"]
[BlackClock "0:00:11"]
[Board "97"]

1. c4 Nf6 2. d4 e6 3. Nc3 d5 4. Nf3 Be7 5. Bf4 O-O 6. e3 Nbd7 7. c5 Nh5 8. Bd3 Nxf4 9. exf4 b6 10. b4 a5 11. a3 c6 12. O-O Qc7 13. Re1 Qxf4 14. b5 bxc5 15. bxc6 Nf6 16. Bb5 cxd4 17. Nxd4 Bc5 18. Nce2 Qh4 19. g3 Qh6 20. Qc1 Bxd4 21. Qxh6 Bxf2+ 22. Kxf2 Ne4+ 23. Ke3 gxh6 24. a4 Rd8 25. Rac1 e5 26. Red1 Be6 27. g4 Nf6 28. h3 d4+ 29. Nxd4 exd4+ 30. Rxd4 Nd5+ 31. Ke4 Nc7 32. Rcd1 Rxd4+ 33. Rxd4 Kf8 34. Ke5 Ke7 35. h4 f6+ 36. Kf4 Rd8 37. Re4 Rd1 38. Bc4 Kd6 39. Bxe6 Nxe6+ 40. Kf5 Rf1+ 0-1


[Site "https://www.chess.com"]